 Dungeon Crawl Stone Soup version 0.17-a0-157-g289cc6a (webtiles) character file.

57 Ngotmuk the Shield-Bearer (level 3, -3/33 HPs)
             Began as a Minotaur Fighter on Mar 27, 2015.
             Slain by a gnoll
             ... wielding a +0 halberd
              (8 damage)
             ... on level 2 of the Dungeon.
             The game lasted 00:04:20 (1435 turns).

Ngotmuk the Shield-Bearer (Minotaur Fighter)        Turns: 1435, Time: 00:04:21

Health: -3/33      AC:  7    Str: 24    XL:     3   Next: 73%
Magic:  2/2        EV:  8    Int:  5    God:
Gold:   85         SH:  9    Dex:  9    Spells: 0 memorised, 2 levels left

rFire  . . .     SeeInvis .     a - +0 flail
rCold  . . .     Clarity  .     b - +0 scale mail
rNeg   . . .     SustAb   .     c - +0 shield
rPois  +         Gourm    .     (helmet restricted)
rElec  .         Spirit   .     (no cloak)
rCorr  .         Warding  .     (no gloves)
rMut   .         Stasis   .     (no boots)
MR     .....                    (no amulet)
Stlth  ..........               v - +3 ring of strength
                                m - ring of poison resistance

@: not resistant to hostile enchantments, extremely unstealthy
A: retaliatory headbutt, horns 2
a: no special abilities


You were on level 2 of the Dungeon.
You were not hungry.

You visited 1 branch of the dungeon, and saw 2 of its levels.

You collected 85 gold pieces.

Inventory:

Hand weapons
 a - a +0 flail (weapon)
Armour
 b - a +0 scale mail (worn)
 c - a +0 shield (worn)
Jewellery
 m - a ring of poison resistance (left hand)
 v - a +3 ring of strength (right hand)
Scrolls
 h - a scroll of fear {unknown}
 i - a scroll of amnesia {unknown}
 j - 7 scrolls of identify {unknown}
 q - a scroll of enchant weapon {unknown}
 r - a scroll of enchant armour {unknown}
 s - 2 scrolls of immolation {unknown}
 t - a scroll of noise {unknown}
 y - a scroll of remove curse {unknown}
Potions
 e - a potion of might
 f - 2 potions of agility {unknown}
 g - a potion of ambrosia {unknown}
 k - a potion of brilliance {unknown}
 l - 4 potions of curing {unknown}
 o - a potion of restore abilities {unknown}
 u - a potion of flight {unknown}
 w - 2 potions of cancellation {unknown}
Comestibles
 d - 2 bread rations
 n - 11 fruits
 p - 3 meat rations


   Skills:
 + Level 3.9 Fighting
 + Level 3.0 Maces & Flails
 + Level 4.1 Armour
 + Level 2.0 Dodging
 + Level 4.1 Shields


You had 2 spell levels left.
You didn't know any spells.

Dungeon Overview and Level Annotations

Branches:
Dungeon (2/15)

Altars:


Innate Abilities, Weirdness & Mutations

You reflexively headbutt those who attack you in melee.
You have a pair of horns on your head.


Message History

The gnoll hits you with a whip.
You closely miss the gnoll.
You headbutt the gnoll, but do no damage.
The gnoll is moderately wounded.
You block the gnoll's attack.
The gnoll hits you from afar with a halberd.
You hit the gnoll! Your headbutt misses the gnoll.
The gnoll is almost dead.
The gnoll hits you with a whip. The gnoll closely misses you.
You hit the gnoll.
The gnoll is almost dead.
The gnoll hits you but does no damage. You block the gnoll's attack.
You hit the gnoll.
You kill the gnoll!
Your Maces & Flails skill increases to level 3!
Your Dodging skill increases to level 2!
The gnoll hits you from afar with a halberd.
* * * LOW HITPOINT WARNING * * *
The gnoll hits you with a halberd!
You die...

# #.# #.# #### #.#
#.# ##<# #.# #.# ##.#
#.# #.# ##.####.#####
#.#
............####g#
##.##..........#g#
#..............#g#
#..#...........#@#
####...........#'####
............##......#
#####.......#.......#
#.........###.......#
#.#######.# #.......#
#.# #.# #†......# #.#
#.# #.......# #.# #.#
#.......#


You could see 3 gnolls.

Vanquished Creatures
  A gnoll (D:2)
  A worm (D:2)
  2 giant geckos
  8 bats
  2 giant cockroaches (D:1)
  8 goblins
  6 hobgoblins
  3 kobolds
  2 giant newts (D:1)
  4 rats
37 creatures vanquished.

Notes
Turn   | Place    | Note
--------------------------------------------------------------
     0 | D:1      | Ngotmuk, the Minotaur Fighter, began the quest for the Orb.
     0 | D:1      | Reached XP level 1. HP: 19/19 MP: 1/1
   360 | D:1      | Reached XP level 2. HP: 26/26 MP: 1/1
   504 | D:1      | Reached skill level 1 in Dodging
   792 | D:1      | You fall through a shaft!
   798 | D:2      | Reached skill level 4 in Armour
   921 | D:2      | Reached XP level 3. HP: 31/33 MP: 2/2
  1435 | D:2      | Slain by a gnoll

Action                   || total
-------------------------++-------
Melee: Flail             ||    92
  Eat: Pizza             ||     1
